 Dungeon Crawl Stone Soup version 0.25-a0-589-g1e14c549ee (webtiles) character file.

Game seed: 16873514771084956222, levelgen mode: classic

1075 EnegeticOcto the Fighter (level 8, -1/69 HPs)
             Began as a Mummy Chaos Knight on Mar 13, 2020.
             Was a Plaything of Xom.
             Slain by an orc priest
             ... wielding a +0 hand axe
              (6 damage)
             ... on level 5 of the Dungeon.
             The game lasted 00:12:24 (7900 turns).

EnegeticOcto the Fighter (Mummy Chaos Knight)       Turns: 7900, Time: 00:12:25

Health: -1/69      AC: 11    Str: 17    XL:     8   Next: 8%
Magic:  8/8        EV:  8    Int: 12    God:    Xom [......]
Gold:   275        SH:  7    Dex: 11    Spells: 7/7 levels left

rFire    x . .     SeeInvis .   t - +5 long sword
rCold    + . .     Gourm    .   d - +0 kite shield
rNeg     + + +     Faith    .   b - +2 leather armour
rPois    ∞         Spirit   .   q - +1 helmet
rElec    .         Reflect  .   s - +2 cloak
rCorr    .         Harm     .   i - +0 pair of gloves (curse)
MR       ++...                  (no boots)
Stlth    +.........             (no amulet)
HPRegen  0.21/turn              f - ring of protection from magic
MPRegen  0.11/turn              (no ring)

@: no status effects
A: no food or potions, fire vulnerability, cold resistance 1, negative energy
resistance 3, torment resistance, unbreathing
a: Renounce Religion


You were on level 5 of the Dungeon.
You worshipped Xom.
You were a very special plaything of Xom.
You were not hungry.

You visited 1 branch of the dungeon, and saw 7 of its levels.

You collected 275 gold pieces.

Inventory:

Hand Weapons
 a - a +0 mace of chaos
 j - a +0 mace
 m - a +0 hunting sling
 t - a +5 long sword (weapon)
 v - a +4 trident
Missiles
 c - 111 stones
 e - 13 poisoned darts (quivered)
 g - 10 boomerangs
 p - 23 bolts
 r - 107 arrows
Armour
 b - a +2 leather armour (worn)
 d - a +0 kite shield (worn)
 i - a cursed +0 pair of gloves (worn)
 q - a +1 helmet (worn)
 s - a +2 cloak (worn)
 u - a +2 pair of gloves of strength
Jewellery
 f - a ring of protection from magic (left hand)
Scrolls
 h - 2 scrolls of identify {@r1}
 l - a scroll of teleportation {@r3 !r}
 n - 2 scrolls of enchant weapon
 o - a scroll of amnesia


   Skills:
 + Level 8.4 Fighting
 - Level 3.6 Maces & Flails
 - Level 3.1 Slings
 - Level 1.5 Armour
 - Level 0.7 Dodging


You had 7 spell levels left.
You didn't know any spells.
Your spell library contained the following spells:

 Spells                   Type           Power        Failure   Level  Hunger
 Summon Small Mammal      Summ           #...         95%         1    N/A
 Call Imp                 Summ           #.......     99%         2    N/A
 Call Canine Familiar     Summ           #.......     100%        3    N/A
 Summon Guardian Golem    Hex/Summ       #.......     100%        3    N/A
 Summon Ice Beast         Ice/Summ       #.......     100%        4    N/A
 Summon Lightning Spire   Summ/Air       #.......     100%        4    N/A

Dungeon Overview and Level Annotations

Branches:
Dungeon (7/15)             Temple (0/1) D:5

Altars:
Gozag
Hepliaklqana
Okawaru
Xom

Annotations:
D:4 Eustachio
D:5 Duvessa


Innate Abilities, Weirdness & Mutations

You do not eat or drink.
Your flesh is vulnerable to fire.
You are immune to poison.
Your flesh is cold resistant. (rC+)
You are immune to negative energy. (rN+++)
You are immune to unholy pain and torment.
You can survive without breathing.


Message History

Xom's power touches on your mind for a moment.
You are confused.
You are now a very special plaything of Xom.
Things that are here:
a +0 club; an orc corpse The orc priest hits you but does no damage.
There is a stone staircase leading down here.
Things that are here:
a +0 club; an orc corpse Throwing (i - inventory. (/) - cycle)
e - 16 poisoned darts (quivered)
Press: ? - help, Shift-Dir - straight line, f/p - orc priest
Aim: an orc priest, wielding a +4 trident (moderately wounded, very poisoned)
You throw a poisoned dart.
You feel less confused.
The orc priest hits you but does no damage.
There is a stone staircase leading down here.
Throwing (i - inventory. (/) - cycle)
e - 15 poisoned darts (quivered)
Press: ? - help, Shift-Dir - straight line, f/p - orc priest
Aim: an orc priest, wielding a +4 trident (moderately wounded, poisoned)
You throw a poisoned dart. The poisoned dart hits the orc priest.
The orc priest looks even sicker.
The orc priest is moderately wounded.
You block the orc priest's attack.
Throwing (i - inventory. (/) - cycle)
e - 14 poisoned darts (quivered)
Press: ? - help, Shift-Dir - straight line, f/p - orc priest
Aim: an orc priest, wielding a +4 trident (heavily wounded, very poisoned)
You throw a poisoned dart. The poisoned dart hits the orc priest.
The orc priest looks even sicker.
The orc priest is heavily wounded.
The orc priest hits you but does no damage.
Throwing (i - inventory. (/) - cycle)
e - 13 poisoned darts (quivered)
Press: ? - help, Shift-Dir - straight line, f/p - orc priest
Aim: an orc priest, wielding a +4 trident (severely wounded, very poisoned)
You throw a poisoned dart. The poisoned dart hits the orc priest.
The orc priest looks as sick as possible!
The orc priest is severely wounded.
The orc priest closely misses you.
Throwing (i - inventory. (/) - cycle)
e - 12 poisoned darts (quivered)
Press: ? - help, Shift-Dir - straight line, f/p - orc priest
Aim: an orc priest, wielding a +4 trident (severely wounded, extremely poisoned)
You throw a poisoned dart. The poisoned dart hits the orc priest.
The orc priest looks as sick as possible!
The orc priest is severely wounded.
You block the orc priest's attack.
Throwing (i - inventory. (/) - cycle)
e - 11 poisoned darts (quivered)
Press: ? - help, Shift-Dir - straight line, f/p - orc priest
Aim: an orc priest, wielding a +4 trident (severely wounded, extremely poisoned)
You throw a poisoned dart.
The poisoned dart closely misses the orc priest.
The orc priest hits you from afar with a +4 trident.
Throwing (i - inventory. (/) - cycle)
e - 10 poisoned darts (quivered)
Press: ? - help, Shift-Dir - straight line, f/p - orc priest
Aim: an orc priest, wielding a +4 trident (almost dead, extremely poisoned)
You throw a poisoned dart.
The poisoned dart barely misses the orc priest.
The orc priest barely misses you.
Throwing (i - inventory. (/) - cycle)
e - 9 poisoned darts (quivered)
Press: ? - help, Shift-Dir - straight line, f/p - orc priest
Aim: an orc priest, wielding a +4 trident (almost dead, extremely poisoned)
You throw a poisoned dart. The poisoned dart hits the orc priest.
The orc priest is almost dead.
You kill the orc priest!
e - 13 poisoned darts (gained 5)
Things that are here:
a +4 trident; an orc corpse
v - a +4 trident You start resting.
The orc priest is too close now for your liking.
There is a stone staircase leading down here.
The orc priest shouts!
There is a stone staircase leading down here.
You start resting.
The orc priest is too close now for your liking.
You start resting.
The orc priest is too close now for your liking.
There is a stone staircase leading down here.
The orc priest invokes the aid of Beogh against you.
Beogh smites you!
* * * LOW HITPOINT WARNING * * *
Really read
k - a scroll of fog {!r}?
As you read the scroll of fog {!r}, it crumbles to dust.
The scroll dissolves into smoke.
There is a stone staircase leading down here.
t - a +5 long sword (weapon)
The orc priest hits you but does no damage.
There is a stone staircase leading down here.
You closely miss the orc priest.
The orc priest hits you but does no damage.
You barely miss the orc priest.
The orc priest calls down the wrath of Beogh upon you.
Beogh smites you!
* * * LOW HITPOINT WARNING * * *
You block the orc priest's attack.
You slash the orc priest!
The orc priest is heavily wounded.
The orc priest hits you but does no damage.
You closely miss the orc priest.
The orc priest is heavily wounded.
The orc priest hits you with a +0 hand axe.
You die...

#...<# ##..## ### ##..# ###
#.###...## ##
##..###..##....####.######
#....#...##...............
....§##§...........≈≈≈≈≈..
#.§§§#o).(....≈≈≈≈≈≈≈≈≈
##§§o§#@#†...≈≈≈≈≈≈≈≈≈≈≈ ....
#..§###.....≈≈≈≈≈≈...≈≈≈ ...
##...§##.(...≈≈≈≈≈≈.>.≈≈≈
..##...#....#(#.≈≈≈≈≈≈...≈≈≈
...[....####.#.≈≈≈≈≈≈≈≈≈≈≈≈
##..#.##......#..≈≈≈≈≈≈≈≈≈≈≈
###...#.#............≈≈≈≈≈≈≈≈≈
###.....#.(((.....#......≈≈≈≈≈..
#.......((.#......#.............


You could see an orc priest.

Vanquished Creatures
  A phantom (D:6)
  2 centaurs
  A bullfrog (D:6)
  2 wights (D:6)
  2 howler monkeys
  A centaur zombie (D:3)
  2 orc priests
  A hound (D:4)
  A worker ant (D:4)
  An iguana (D:4)
  An orc wizard (D:6)
  A hound skeleton (D:6)
  3 gnolls (D:5)
  5 adders
  3 oozes
  An adder skeleton (D:4)
  2 worms
  2 dart slugs
  3 leopard geckos
  14 orcs
  4 bats
  2 giant cockroaches (D:3)
  11 goblins
  8 hobgoblins
  11 jackals
  3 kobolds
  A quokka (D:4)
  A ball python (D:4)
  A ball python skeleton (D:4)
  5 frilled lizards
  A quokka zombie (D:5)
  7 rats
104 creatures vanquished.

Vanquished Creatures (collateral kills)
  2 ice beasts (D:5)
  Blork the orc (D:6)
  Dowan (D:5)
4 creatures vanquished.

Grand Total: 108 creatures vanquished

Notes
Turn   | Place    | Note
-------+----------+-------------------------------------------
     0 | D:1      | EnegeticOcto the Mummy Chaos Knight began the quest for the
                  | Orb.
     0 | D:1      | Reached XP level 1. HP: 18/18 MP: 1/1
     9 | D:1      | Noticed an ogre
   129 | D:1      | Reached XP level 2. HP: 24/24 MP: 2/2
   195 | D:1      | XOM: harmless Erth miscast
   565 | D:1      | XOM: harmless Erth miscast
   615 | D:1      | Reached XP level 3. HP: 29/29 MP: 3/3
  1458 | D:2      | XOM: divination: detect creatures
  1666 | D:2      | XOM: 1-stop teleportation journey
  1684 | D:2      | Reached XP level 4. HP: 23/37 MP: 4/4
  1715 | D:2      | XOM: medium Tloc miscast
  1877 | D:1      | XOM: mild Tmut miscast
  2086 | D:2      | XOM: harmless Tmut miscast
  2586 | D:3      | Reached skill level 4 in Fighting
  2771 | D:3      | Reached skill level 1 in Slings
  2848 | D:3      | XOM: 3-stop teleportation journey
  3015 | D:3      | Reached XP level 5. HP: 42/42 MP: 5/5
  3399 | D:4      | XOM: harmless Hex miscast
  3535 | D:4      | Found an iron altar of Okawaru.
  3673 | D:4      | Noticed a phantom
  3680 | D:3      | XOM: potion effect (brilliance)
  3765 | D:4      | XOM: potion effect (invisibility)
  3769 | D:4      | XOM: potion effect (curing)
  3790 | D:4      | HP: 1/43 [hound (4)]
  3792 | D:4      | Found an opulent altar of Gozag.
  4356 | D:4      | XOM: divination: detect creatures
  4481 | D:4      | XOM is BORED!
  4481 | D:4      | XOM: harmless Erth miscast
  4526 | D:4      | XOM: potion effect (brilliance)
  4546 | D:4      | Reached XP level 6. HP: 33/50 MP: 6/6
  4672 | D:4      | Reached skill level 5 in Fighting
  4964 | D:4      | XOM: divination: magic mapping
  5017 | D:4      | XOM: cloud trail
  5088 | D:5      | Entered Level 5 of the Dungeon
  5089 | D:5      | Noticed Eustachio
  5135 | D:4      | XOM: potion effect (brilliance)
  5138 | D:4      | XOM: cast spell 'Olgreb's Toxic Radiance'
  5140 | D:4      | XOM: cast spell 'Summon Small Mammal'
  5141 | D:4      | XOM: enchant monster (good)
  5145 | D:4      | XOM: potion effect (stabbing)
  5146 | D:4      | XOM: fake destruction
  5602 | D:5      | Found a staircase to the Ecumenical Temple.
  5603 | D:5      | Noticed an ice beast
  5603 | D:5      | XOM: summons 3 friendly demons
  5611 | D:5      | Killed an ice beast
  5716 | D:5      | XOM: divination: detect items
  5722 | D:5      | Reached skill level 6 in Fighting
  5722 | D:5      | Reached XP level 7. HP: 45/58 MP: 7/7
  5867 | D:5      | Noticed Dowan
  5894 | D:5      | XOM: summons 4 friendly demons
  5904 | D:5      | Killed Dowan
  6023 | D:5      | XOM: confuse monster(s)
  6150 | D:5      | Noticed Duvessa
  6151 | D:5      | XOM: cast spell 'Leda's Liquefaction'
  6162 | D:5      | Noticed Duvessa
  6162 | D:5      | Duvessa changed into Duvessa the worm
  6162 | D:5      | XOM: polymorph Duvessa -> Duvessa the worm
  6223 | D:4      | XOM: scenery: create altars
  6354 | D:6      | XOM: divination: detect creatures
  6357 | D:6      | Reached skill level 7 in Fighting
  6680 | D:6      | XOM: cleaving
  6701 | D:6      | XOM: confuse monster(s)
  6784 | D:6      | XOM: fog
  7014 | D:6      | Noticed Blork the orc
  7014 | D:6      | XOM: summons 4 friendly demons
  7024 | D:6      | Killed Blork the orc
  7107 | D:6      | XOM: enchant monster (good)
  7110 | D:6      | Reached skill level 8 in Fighting
  7210 | D:6      | XOM: polymorph giant cockroach -> frilled lizard
  7217 | D:6      | XOM: scenery: create altars
  7243 | D:6      | XOM: god gift: mace {god gift}
  7301 | D:6      | Found a hazy altar of Hepliaklqana.
  7343 | D:6      | XOM: god gift: pair of runed gloves {god gift}
  7499 | D:6      | XOM: 2-stop teleportation journey
  7525 | D:6      | XOM: harmless Conj miscast
  7553 | D:6      | Reached XP level 8. HP: 68/68 MP: 8/8
  7712 | D:6      | XOM: swap monsters
  7760 | D:6      | XOM: blink monster(s)
  7830 | D:5      | XOM: confusion
  7900 | D:5      | Slain by an orc priest

Levels and vault maps discovered:
D:1:      evilmike_arrival_come_back, layout_loops_ring, minmay_tripent
D:2:      layout_rooms
D:3:      layout_basic
D:4:      layout_rooms, nicolae_gozag_seed_capital, okawaru_metal_pillars_1_2,
          first_ration, kennysheep_generic_room_16
D:5:      minmay_spotlight, layout_cave_pools, temple_pool_b,
          kennysheep_generic_room_8, uniq_eustachio, uniq_edmund, uniq_grinder,
          uniq_crazy_yiuf_cottage, uniq_duvessa
D:6:      layout_basic, old_standard_altar, minmay_crystal_room,
          uniq_blork_the_orc, uniq_maggie
D:7:      layout_loops_ring, the_bakery, kennysheep_generic_room_13,
          uniq_menkaure, uniq_joseph, uniq_harold

Skill      XL: |  1  2  3  4  5  6  7 |
---------------+----------------------+-----
Maces & Flails | 3 |  3.6
Fighting       | 4 6 8 |  8.4
Slings         | 1 2 3 |  3.1
Armour         | |  1.5
Dodging        | |  0.7

Action                   |  1- 3 |  4- 6 |  7- 9 || total
-------------------------+-------+-------+-------++-------
Melee: Mace              |   128 |     6 |       ||   134
       Long sword        |       |       |     4 ||     4
 Fire: Hunting sling     |       |   302 |   193 ||   495
Throw: Stone             |     1 |       |       ||     1
       Dart              |       |    13 |    16 ||    29
  Use: Scroll            |       |     5 |     6 ||    11
 Stab: Paralysed         |     1 |       |       ||     1
Armor: Leather armour    |    64 |   111 |    33 ||   208
Dodge: Dodged            |    59 |   105 |    34 ||   198
Block: Kite shield       |    30 |    85 |    44 ||   159

Table legend:
 A = Non-vault XP
 B = Vault XP
 C = Vault XP percentage of total XP
 D = Non-vault monster count
 E = Vault monster count
 F = Vault count percentage of total count
                 A         B        C        D         E       F
            +---------+---------+-------+---------+---------+-------
      Total |    1428 |     108 |   7.0 |     102 |       6 |   5.6
            +---------+---------+-------+---------+---------+-------
        D:1 |      57 |       3 |   5.0 |      27 |       2 |   6.9
        D:2 |      45 |       0 |   0.0 |      11 |       0 |   0.0
        D:3 |     157 |       0 |   0.0 |      22 |       0 |   0.0
        D:4 |     261 |       5 |   1.9 |      20 |       1 |   4.8
        D:5 |     374 |      42 |  10.1 |       9 |       2 |  18.2
        D:6 |     534 |      58 |   9.8 |      13 |       1 |   7.1
            +---------+---------+-------+---------+---------+-------
